 Dungeon Crawl Stone Soup version 0.20-a0-375-gc02d24d (webtiles) character file.

45 TheGoonsmith the Cudgeler (level 3, -1/20 HPs)
             Began as a Vine Stalker Berserker on Dec 27, 2016.
             Was a Believer of Trog.
             Slain by Natasha (4 damage)
             ... on level 2 of the Dungeon on Dec 28, 2016.
             The game lasted 00:02:33 (1048 turns).

TheGoonsmith the Cudgeler (Vine Stalker Berserker)  Turns: 1048, Time: 00:02:34

Health: -1/20      AC:  2    Str: 25    XL:     3   Next: 64%
Magic:  0/4        EV: 12    Int:  7    God:    Trog [**....]
Gold:   123        SH:  0    Dex: 13    Spells: 2/2 levels left

rFire  . . .     SeeInvis .     a - +0 mace
rCold  . . .     Gourm    .     b - +0 animal skin
rNeg   . . .     Faith    .     (no shield)
rPois  .         Spirit   +     (no helmet)
rElec  .         Reflect  .     (no cloak)
rCorr  .         Harm     .     (no gloves)
MR     .....                    (no boots)
Stlth  +.........               (no amulet)
                                (no ring)
                                (no ring)

@: mighty, slowed, very slow
A: fangs 2, magic shield, antimagic bite, no potion heal 3, rot immunity
a: Berserk, Trog's Hand, Burn Spellbooks, Renounce Religion


You were on level 2 of the Dungeon.
You worshipped Trog.
Trog was pleased with you.
You were not hungry.

You visited 1 branch of the dungeon, and saw 2 of its levels.

You collected 123 gold pieces.

Inventory:

Hand Weapons
 a - a +0 mace (weapon)
Armour
 b - a +0 animal skin (worn)
Jewellery
 m - an uncursed ring of stealth {unknown}
 n - an uncursed ring of protection from magic {unknown}
Scrolls
 d - a scroll of enchant armour {unknown}
 e - a scroll of amnesia {unknown}
 g - a scroll of identify {unknown}
Potions
 j - 2 potions of heal wounds {unknown}
 k - a potion of mutation {unknown}
 l - a potion of berserk rage {unknown}
 o - a potion of curing {unknown}
Comestibles
 c - a bread ration
 h - a chunk of flesh
 i - 3 fruits


   Skills:
 + Level 3.3 Fighting
 * Level 3.5 Maces & Flails
 - Level 1.5 Armour
 - Level 1.5 Dodging


You had 2 spell levels left.
You didn't know any spells.

Dungeon Overview and Level Annotations

Branches:
Dungeon (2/15)

Altars:

Annotations:
D:2 Natasha


Innate Abilities, Weirdness & Mutations

You have extremely sharp teeth.
When hurt, damage is shared between your health and your magic reserves.
Your bite disrupts and absorbs the magic of your enemies.
Potions cannot restore your health.
You are immune to rotting.


Message History

Trog accepts your kill. The kobold closely misses you. The kobold misses you.
You hear some strange, mumbled words.
You feel yourself slow down. The ooze hits you.
The goblin unwields an uncursed dagger.
The goblin wields a hunting sling.
The goblin shoots a stone.
The stone barely misses you. Something claws you.
The kobold closely misses you. The ooze hits you.
* * * LOW HITPOINT WARNING * * *
Something claws you.
* * * LOW HITPOINT WARNING * * *
You see here a stone.
The kobold misses you. The ooze hits you.
* * * LOW HITPOINT WARNING * * *
It was a potion of might.
You feel very mighty all of a sudden. The kobold barely misses you.
The ooze barely misses you.
The crimson imp blinks!
Something claws you.
You die...

#.# . #.# . #.#
# . #.# .# .
#####)###.#
#.........#.#
#...........#
#.........###
#...@l....##
####.ยง.JK.....#
#......g..##..#
#.........#...#
#...?...........
#...........#.##
#...5.....#.#
###.
######..###...
.... ..... #.#
##..


You could see a crimson imp, an ooze, a goblin, a kobold and a frilled lizard.

Vanquished Creatures
  An adder (D:2)
  A ball python (D:1)
  5 bats (D:1)
  2 giant cockroaches
  7 goblins
  2 hobgoblins
  3 jackals (D:1)
  A quokka (D:2)
  2 frilled lizards
  2 kobolds (D:1)
  7 rats
33 creatures vanquished.

Notes
Turn   | Place    | Note
-------+----------+-------------------------------------------
     0 | D:1      | TheGoonsmith the Vine Stalker Berserker began the quest for the Orb.
     0 | D:1      | Reached XP level 1. HP: 11/11 MP: 2/2
   140 | D:1      | Reached XP level 2. HP: 9/16 MP: 1/3
   640 | D:1      | Reached XP level 3. HP: 14/20 MP: 2/4
   798 | D:2      | Reached ** piety under Trog
  1035 | D:2      | Noticed Natasha
  1048 | D:2      | Slain by Natasha

Vault maps used:
D:1:      dpeg_arrival_pits
D:2:      uniq_natasha

Skill      XL: |  1  2 |
---------------+-------+-----
Maces & Flails | 3 |  3.5
Fighting       | 3 |  3.3
Armour         | |  1.5
Dodging        | |  1.5

Action                   || total
-------------------------++-------
Melee: Mace              ||    92
       Bite              ||    26
  Use: Potion            ||     1
  Eat: Chunk             ||     1
Armor: Animal skin       ||    30
Dodge: Dodged            ||    82
